 Dungeon Crawl Stone Soup version 0.29-a0-817-g9904bce7a6 (webtiles) character file.

Game seed: 12878115793460170707

1414 kae the Destroyer (level 8, -2/41 HPs)
             Began as a Tengu Fire Elementalist on July 5, 2022.
             Was an Initiate of Ashenzari.
             Killed from afar by a white imp (8 damage)
             ... with a puff of frost
             ... on level 6 of the Dungeon.
             The game lasted 00:07:41 (8149 turns).

kae the Destroyer (Tengu Fire Elementalist)         Turns: 8149, Time: 00:07:41

Health: -2/41      AC:  6    Str:  9    XL:     8   Next: 71%
Magic:  6/15       EV: 14    Int: 18    God:    Ashenzari [......]
Gold:   349        SH:  0    Dex: 14    Spells: 3/16 levels left

rFire   . . .      SeeInvis .   u - +1 spear
rCold   . . .      Faith    .   (no shield)
rNeg    . . .      Spirit   .   t - +0 leather armour
rPois   .          Reflect  .   (helmet restricted)
rElec   .          Harm     .   o - +0 cloak
rCorr   .          Rampage  .   m - +1 pair of gloves
Will    +....                   (boots unavailable)
Stlth   ++........              g - amulet of regeneration
HPRegen 0.93/turn               l - ring "Behold Eternity" {Will+, Elem, Melee} (curse)
MPRegen 0.14/turn               (no ring)

@: flying quickly and evasively, quick
A: beak, talons 3, nimble flight
a: Renounce Religion, Shatter the Chains


You were on level 6 of the Dungeon.
You worshipped Ashenzari.
Ashenzari was noncommittal.
You visited 2 branches of the dungeon, and saw 7 of its levels.
You also visited: Ossuary.

You collected 349 gold pieces.


Innate Abilities, Weirdness & Mutations

You have a beak for a mouth.
You have claws for feet.
Your magical nature lets you fly swiftly and evasively.


   Skills:
 - Level 2.1 Dodging
 - Level 2.0 Stealth
 + Level 4.6 Spellcasting
 * Level 8.7 Conjurations
 * Level 7.9(8.3) Fire Magic


You had 3 spell levels left.
You knew the following spells:

 Your Spells              Type           Power      Damage    Failure   Level
a - Foxfire               Conj/Fire      100%       2x1d9     1%          1
b - Scorch                Fire           68%        2d8       1%          2
c - Conjure Flame         Conj/Fire      35%        6-21      1%          3
d - Inner Flame           Hex/Fire       19%        N/A       11%         3
e - Flame Wave            Conj/Fire      35%        2d8       6%          4

Your spell library contained the following spells:

 Spells                   Type           Power      Damage    Failure   Level
 Sublimation of Blood     Necr           4%         N/A       30%         2
 Wereblood                Tmut           4%         N/A       30%         2
 Summon Hydra             Summ           2%         N/A       100%        7

Inventory:

Hand Weapons
 u - a +1 spear (weapon)
   (You found it on level 3 of the Dungeon)
Missiles
 c - 40 stones
 n - 9 poisoned darts
Armour
 a - a +0 leather armour
   (You took it off an orc on level 4 of the Dungeon)
 k - a +0 robe
   (You took it off an orc wizard on level 5 of the Dungeon)
 m - a +1 pair of gloves (worn)
   (You found it on level 1 of the Dungeon)
 o - a +0 cloak (worn)
   (You found it on level 1 of the Dungeon)
 q - a +0 ring mail
   (You took it off an orc on level 4 of the Dungeon)
 t - a +0 leather armour (worn)
   (You found it on level 3 of the Dungeon)
 x - a +0 robe
   (You found it on level 4 of the Dungeon)
 B - a +0 leather armour
   (You took it off a gnoll bouda on level 4 of the Dungeon)
 C - a +0 leather armour
   (You found it on level 5 of the Dungeon)
 D - a +0 scale mail
   (You took it off an orc on level 5 of the Dungeon)
 E - a +0 ring mail
   (You took it off an orc on level 5 of the Dungeon)
 J - a +0 robe
   (You took it off an orc wizard on level 5 of the Dungeon)
 M - a +0 robe
   (You found it on level 5 of the Dungeon)
 N - a +0 robe
   (You found it on level 5 of the Dungeon)
 O - a +0 ring mail
   (You took it off an orc on level 5 of the Dungeon)
 P - a +0 robe
   (You took it off an orc wizard on level 5 of the Dungeon)
 Q - a +0 robe
   (You took it off an orc wizard on level 5 of the Dungeon)
 R - a +0 ring mail
   (You took it off an orc on level 5 of the Dungeon)
 S - a +0 robe
   (You took it off an orc wizard on level 4 of the Dungeon)
 V - a +0 robe
   (You found it on level 5 of the Dungeon)
 W - a +0 leather armour
   (You took it off an orc on level 5 of the Dungeon)
 X - a +0 robe
   (You took it off an orc wizard on level 5 of the Dungeon)
 Y - a +0 robe
   (You took it off a wight on level 5 of the Dungeon)
 Z - a +0 robe
   (You took it off a wight on level 5 of the Dungeon)
Jewellery
 g - an amulet of regeneration (around neck)
   (You took it off an orc on level 5 of the Dungeon)
 l - the cursed ring "Behold Eternity" (left hand) {Will+, Elem, Melee}
   (You found it on level 1 of the Dungeon)

   [ring of willpower]

   Will:      It increases your willpower.
   It has a curse which improves the following skills: Elements: Fire Magic, Ice
   Magic, Air Magic and Earth Magic.
   Melee Combat: Short Blades, Long Blades, Axes, Maces & Flails, Polearms,
   Staves and Unarmed Combat.
Wands
 r - a wand of digging (5)
   (You found it on level 3 of the Dungeon)
 A - a wand of flame (28)
   (You found it on level 4 of the Dungeon)
 K - a wand of charming (1)
   (You took it off an orc on level 5 of the Dungeon)
 U - a wand of roots (9)
   (You found it on level 5 of the Dungeon)
Scrolls
 d - a scroll of fog
 j - a scroll of fear
 p - a scroll of teleportation {@r4}
 y - 2 scrolls of enchant weapon
 z - a scroll of vulnerability {!r!r}
 H - a scroll of summoning
Potions
 b - 2 potions of brilliance
 e - a potion of attraction {!q}
 f - a potion of degeneration {unknown}
 h - a potion of cancellation
 i - 2 potions of magic
 s - a potion of haste {unknown}
 v - 2 potions of lignification {unknown}
 w - a potion of berserk rage {unknown}
 F - 2 potions of flight {unknown}
 G - a potion of mutation {!q}
 I - a potion of invisibility {unknown}

Dungeon Overview and Level Annotations

Branches:
Dungeon (6/15) Zot: 26917  Temple (1/1) D:4 Zot: 5540 Ossuary (visited)

Altars:
Ashenzari
Cheibriados
Dithmenos
Elyvilon
Fedhas
Hepliaklqana
Makhleb
Nemelex Xobeh
Okawaru
Sif Muna
Trog
Uskayaw
Yredelemnul
Zin
The Shining One

Shops:
D:4

[ .... ####.#
#####....########..
#.....##ยง##<.......
..###......ยง#######
# ###...#...###
####.#..#
....###...#
#5....D.. #####
#.ยง.# ###[#
########..@#
######.....###
#####......#####
......###### #######


You could see a white imp.


Message History

Done waiting.
(D) Dungeon (T) Temple
Where to? (Enter - D:5, ? - help)
Things that are here:
a +0 short sword; a +0 ring mail; the elf skeleton of Duvessa
There is an open door here.
There is a stone staircase leading down here.
You fly downwards.
There is a stone staircase leading up here.
Unknown command.
Okay, then.
You start putting on your amulet.
You continue putting on your amulet of regeneration. x5
You finish putting on your amulet of regeneration.
The amulet throbs as it attunes itself to your uninjured body.
g - an amulet of regeneration (around neck)
A jelly comes into view.
A jelly is nearby!
A jelly is nearby!
A jelly is nearby!
Casting: Scorch (safe; 1% risk of failure)
Confirm with . or Enter, or press ? or * to list all spells.
You conjure some foxfire!
The jelly quivers.
The foxfire hits the jelly.
The foxfire hits the jelly! ๐Ÿ˜Ž MP[-1]
You lost 1 mp, and now have 14/15 mp.
Casting: Foxfire (safe; 1% risk of failure)
Confirm with . or Enter, or press ? or * to list all spells.
Flames lash the jelly.
You kill the jelly!
You hear a shout! ๐Ÿ˜Ž MP[-2]
You lost 2 mp, and now have 12/15 mp.
Casting: Scorch (safe; 1% risk of failure)
Confirm with . or Enter, or press ? or * to list all spells.
You conjure some foxfire! ๐Ÿ˜Ž MP[-1]
You lost 1 mp, and now have 11/15 mp.
You now have 349 gold pieces (gained 10).
A steam dragon comes into view.
The steam dragon hisses angrily. ๐Ÿ˜Ž MP[+4]
Your mp is fully restored (15).
A steam dragon is nearby!
A steam dragon is nearby!
A steam dragon is nearby!
You start waiting.
A steam dragon is nearby!
Casting: Foxfire (safe; 1% risk of failure)
Confirm with . or Enter, or press ? or * to list all spells.
Flames lash the steam dragon but do no damage.
The steam dragon closely misses you.
The steam dragon barely misses you. ๐Ÿ˜Ž MP[-2]
You lost 2 mp, and now have 13/15 mp.
Casting: Scorch (safe; 1% risk of failure)
Confirm with . or Enter, or press ? or * to list all spells.
Flames lash the steam dragon.
The steam dragon's fire resistance burns away.
The steam dragon barely misses you. The steam dragon claws you.
The steam dragon breathes steam at you. The ball of steam misses you.
You hear a shout! ๐Ÿ˜• HP[-2] MP[-2]
You take 2 damage, and now have 39/41 hp.
You lost 2 mp, and now have 11/15 mp.
Casting: Scorch (safe; 1% risk of failure)
Confirm with . or Enter, or press ? or * to list all spells.
Flames lash the steam dragon.
You are engulfed in a cloud of scalding steam.
The steam dragon closely misses you. The steam dragon barely misses you.
You are engulfed in a cloud of scalding steam.
A white imp comes into view.
The steam dragon bites you.
The steam dragon closely misses you. ๐Ÿ˜ฎ HP[-10] MP[-2]
You take 10 damage, and now have 29/41 hp.
MASSIVE DAMAGE!! (PAUSE)
You lost 2 mp, and now have 9/15 mp.
Casting: Scorch (safe; 1% risk of failure)
Confirm with . or Enter, or press ? or * to list all spells.
Flames lash the steam dragon.
The steam dragon is burned terribly!
You are engulfed in a cloud of scalding steam.
The steam dragon barely misses you. The steam dragon claws you.
The steam dragon breathes steam at you. The ball of steam hits you!
* * * LOW HITPOINT WARNING * * *
๐Ÿ˜ฑ HP[-20] MP[-1]
You take 20 damage, and now have 9/41 hp.
MASSIVE DAMAGE!! (PAUSE)
You lost 1 mp, and now have 8/15 mp.
Casting: Scorch (safe; 1% risk of failure)
Confirm with . or Enter, or press ? or * to list all spells.
Flames lash the steam dragon.
The steam dragon is burned terribly!
You kill the steam dragon!
The steam dragon scales are intact enough to wear.
You are engulfed in a cloud of scalding steam.
* * * LOW HITPOINT WARNING * * *
The white imp gestures at you. The puff of frost hits you!
You die...

Skill      XL: |  1  2  3  4  5  6  7  8 |
---------------+-------------------------+-----
Conjurations   | 2 3 4 5 7 8 |  8.7
Fire Magic     | 4 5 6 7 |  7.9
Spellcasting   | 3 4 |  4.6
Dodging        | |  2.1
Stealth        | |  2.0

Action                   |  1- 3 |  4- 6 |  7- 9 || total
-------------------------+-------+-------+-------++-------
Melee: Spear             |       |       |    19 ||    19
       Peck              |       |       |     6 ||     6
       Kick              |       |       |     5 ||     5
 Cast: Foxfire           |    45 |   137 |    83 ||   265
       Scorch            |     1 |    28 |    36 ||    65
       Conjure Flame     |       |       |     4 ||     4
       Inner Flame       |       |       |     1 ||     1
Invok: Curse Item        |       |       |     1 ||     1
  Use: Scroll            |     4 |     6 |     8 ||    18
       Potion            |       |     1 |     2 ||     3
Armor: Robe              |     2 |    12 |       ||    14
       Leather armour    |       |    10 |    23 ||    33
Dodge: Dodged            |    12 |    67 |    67 ||   146

Levels and vault maps discovered:
D:1:      lemuel_arrival_tunnels, layout_basic,
          shapermc_ecumenical_altar_acropolis, hangedman_feature_mirror,
          minmay_split_cup_small
D:2:      layout_basic, uniq_jessica
D:3:      layout_rooms, zin_angel, mainiacjoe_overflow_concentric_impassable,
          gammafunk_temple_overflow_pools, amcnicky_altar_gilded
D:4:      layout_basic, yredelemnul_forgotten_temple_becter,
          minmay_temple_entry_poolview, serial_shops, nicolae_shop_hallway_plus
D:5:      layout_basic, nicolae_ossuary_entry_ruins, uniq_duvessa
D:6:      layout_rooms, xom_confusion_cloud, nicolae_wu_jian_wuxing_cycle,
          vehumet_crystals, kennysheep_vampire_church, serial_shops, shop,
          chequers_serial_rivers_micro_d, uniq_prince_ribbit1
Temple:   chequers_temple_sunken

Notes
Turn   | Place    | Note
-------+----------+-------------------------------------------
     0 | D:1      | kae the Tengu Fire Elementalist began the quest for the
                  | Orb.
     0 | D:1      | Reached XP level 1. HP: 10/10 MP: 4/4
     0 | D:1      | magus.rc [v1.11.3]
   186 | D:1      | Found a faded altar of an unknown god.
   398 | D:1      | Reached skill level 2 in Conjurations
   398 | D:1      | Reached XP level 2. HP: 14/15 MP: 4/6
   441 | D:1      | Learned a level 2 spell: Scorch
   748 | D:1      | You pick up a book of Blood and begin reading...
   748 | D:1      | You add the spells Sublimation of Blood, Wereblood and
                  | Summon Hydra to your library.
   864 | D:1      | Reached XP level 3. HP: 19/19 MP: 2/7
   868 | D:1      | Learned a level 3 spell: Conjure Flame
  1217 | D:2      | Noticed Jessica
  1227 | D:2      | Killed Jessica
  1228 | D:2      | Reached skill level 3 in Conjurations
  1228 | D:2      | Reached skill level 4 in Fire Magic
  1228 | D:2      | Reached XP level 4. HP: 24/24 MP: 2/8
  1879 | D:2      | Reached skill level 4 in Conjurations
  1879 | D:2      | Gained mutation: Your magical nature lets you fly swiftly
                  | and evasively. [Tengu growth]
  1879 | D:2      | Reached XP level 5. HP: 28/28 MP: 8/10
  2827 | D:3      | Learned a level 3 spell: Inner Flame
  2911 | D:3      | Found a burning altar of Makhleb.
  3018 | D:3      | Reached skill level 5 in Fire Magic
  3047 | D:3      | Found a glowing silver altar of Zin.
  3048 | D:3      | Noticed an angel
  3171 | D:3      | Reached skill level 3 in Spellcasting
  3218 | D:3      | Found a snail-covered altar of Cheibriados.
  3314 | D:3      | Found a shimmering blue altar of Sif Muna.
  3314 | D:3      | Found a sparkling altar of Nemelex Xobeh.
  3481 | D:4      | Reached skill level 5 in Conjurations
  3481 | D:4      | Reached XP level 6. HP: 32/32 MP: 6/11
  3779 | D:4      | Found a basalt altar of Yredelemnul.
  3961 | D:4      | Found Torem's Armour Boutique.
  4397 | D:4      | Found a staircase to the Ecumenical Temple.
  4406 | Temple   | Entered the Ecumenical Temple
  4902 | Temple   | Became a worshipper of Ashenzari the Shackled
  5049 | D:5      | Entered Level 5 of the Dungeon
  5370 | D:5      | Found a sand-covered staircase.
  5388 | Ossuary  | Entered an ossuary
  5409 | Ossuary  | Reached XP level 7. HP: 25/36 MP: 1/13
  5421 | Ossuary  | HP: 8/36 [centaur zombie (3)]
  5425 | Ossuary  | Reached skill level 6 in Conjurations
  5681 | Ossuary  | Reached skill level 6 in Fire Magic
  6400 | D:5      | Reached skill level 7 in Conjurations
  6669 | D:5      | HP: 8/36 [orc priest/divine providence (15)]
  6670 | D:5      | Reached skill level 4 in Spellcasting
  6938 | D:5      | Learned a level 4 spell: Flame Wave
  6966 | D:5      | Reached XP level 8. HP: 41/41 MP: 11/15
  7258 | D:5      | Reached skill level 7 in Fire Magic
  7483 | D:5      | Noticed Duvessa
  7601 | D:5      | Reached skill level 8 in Conjurations
  7788 | D:5      | Killed Duvessa
  7837 | D:5      | Noticed Dowan
  7844 | D:5      | Killed Dowan
  8148 | D:6      | HP: 9/41 [steam dragon/ball of steam (13)]
  8149 | D:6      | Killed from afar by a white imp

Vanquished Creatures
  A steam dragon (D:6)
  Duvessa (D:5)
  A necrophage (D:5)
  2 scorpions
  5 wights (D:5)
  Dowan (D:5)
  2 centaur zombies (Ossuary)
  A hound (D:5)
  2 orc priests (D:5)
  A jelly (D:6)
  A gnoll bouda (D:4)
  Jessica (D:2)
  2 iguanas (D:5)
  6 orc wizards
  6 mummies (Ossuary)
  9 gnolls
  8 adders
  2 ufetubi (D:5)
  4 worms
  3 dart slugs
  15 orcs
  10 endoplasms
  8 giant cockroaches
  10 goblins
  7 hobgoblins
  8 jackals
  2 quokkas
  12 ball pythons
  3 bats
  5 frilled lizards
  5 hobgoblin zombies (Ossuary)
  4 kobolds
  A spectral orc (D:4)
149 creatures vanquished.

Vanquished Creatures (others)
  437 foxfires
437 creatures vanquished.

Grand Total: 586 creatures vanquished

Table legend:
 A = Non-vault XP
 B = Vault XP
 C = Vault XP percentage of total XP
 D = Non-vault monster count
 E = Vault monster count
 F = Vault count percentage of total count
                 A         B        C        D         E       F
            +---------+---------+-------+---------+---------+-------
      Total |    1720 |     471 |  21.5 |     123 |      26 |  17.4
            +---------+---------+-------+---------+---------+-------
        D:1 |      50 |      15 |  23.1 |      15 |       9 |  37.5
        D:2 |     121 |      37 |  23.4 |      30 |       1 |   3.2
        D:3 |      82 |       0 |   0.0 |      19 |       0 |   0.0
        D:4 |     246 |       1 |   0.4 |      23 |       1 |   4.2
        D:5 |    1011 |     219 |  17.8 |      34 |       2 |   5.6
        D:6 |     210 |       0 |   0.0 |       2 |       0 |   0.0
    Ossuary |       0 |     199 | 100.0 |       0 |      13 | 100.0
            +---------+---------+-------+---------+---------+-------

Illustrated notes

Table legend:
 A = Kills in this place as a percentage of kills in entire the game.
 B = Kills by you in this place as a percentage of kills by you in the entire game.
 C = Kills by friends in this place as a percentage of kills by friends in the entire game.
 D = Other kills in this place as a percentage of other kills in the entire game.
 E = Experience gained in this place as a percentage of experience gained in the entire game.
 F = Experience gained in this place divided by the number of levels of this place that you have seen.
                   A       B       C       D       E      F
               +-------+-------+-------+-------+-------+----------------------
         Total | 100.0 | 100.0 |   N/A |   N/A | 100.0 | 273.9
       Dungeon |  91.3 |  91.3 |   N/A |   N/A |  90.9 | 332.0
       Ossuary |   8.7 |   8.7 |   N/A |   N/A |   9.1 | 199.0
               +-------+-------+-------+-------+-------+----------------------

Table legend: (Time is in decaauts)
 A = Elapsed time spent in this place.
 B = Non-inter-level travel time spent in this place.
 C = Inter-level travel time spent in this place.
 D = Time resting spent in this place.
 E = Time spent auto-exploring this place.
 F = Levels seen in this place.
 G = Mean time per level.
                   A        B        C        D        E       F      G
               +--------+--------+--------+--------+--------+-----+--------+
         Total |   7870 |   7674 |    196 |    684 |   5872 |   8 |  983.8 |
       Dungeon |   6864 |   6704 |    160 |    516 |   5178 |   6 | 1144.0 |
        Temple |    460 |    424 |     36 |      0 |    417 |   1 |  460.0 |
       Ossuary |    546 |    546 |      0 |    168 |    277 |   1 |  546.0 |
               +--------+--------+--------+--------+--------+-----+--------+

Top non-repeatable levels by time:
     D:5: 2001 daAuts
     D:4: 1406 daAuts
     D:2: 1346 daAuts
     D:1: 1282 daAuts
     D:3: 745 daAuts
 Ossuary: 546 daAuts
  Temple: 460 daAuts
     D:6: 81 daAuts
